 Dungeon Crawl Stone Soup version 0.24.0-1-gfbc8707122 (webtiles) character file.

Game seed: 16358385914677187666, levelgen mode: deterministic

331 dembora the Poker (level 6, 0/48 HPs)
             Began as a Merfolk Skald on Oct 27, 2019.
             Slain by a centaur skeleton (2 damage)
             ... on level 4 of the Dungeon.
             The game lasted 00:54:23 (6124 turns).

dembora the Poker (Merfolk Skald)                   Turns: 6124, Time: 00:54:24

Health: 0/48       AC:  3    Str: 11    XL:     6   Next: 51%
Magic:  3/9        EV: 13    Int: 13    God:
Gold:   246        SH:  0    Dex: 15    Spells: 1/9 levels left

rFire    x . .     SeeInvis .   c - +0 spear (pierce)
rCold    + . .     Gourm    .   (no shield)
rNeg     . . .     Faith    .   b - +0 leather armour
rPois    .         Spirit   .   (no helmet)
rElec    .         Reflect  .   (no cloak)
rCorr    .         Harm     .   (no gloves)
MR       .....                  (no boots)
Stlth    +.........             (no amulet)
HPRegen  0.16/turn              e - ring of ice
MPRegen  0.11/turn              (no ring)

@: very slightly contaminated
A: change form in water, swift swim, stealthy swim, mutation resistance 1
a: no special abilities


You were on level 4 of the Dungeon.
You were not hungry.

You visited 1 branch of the dungeon, and saw 4 of its levels.

You collected 246 gold pieces.

Inventory:

Hand Weapons
 a - a +0 spear
 c - a +0 spear of piercing (weapon)
Armour
 b - a +0 leather armour (worn)
 s - a +0 robe
Jewellery
 e - a ring of ice (left hand)
Wands
 h - a wand of iceblast (9)
Scrolls
 g - a scroll of fog {unknown}
 i - 3 scrolls of remove curse {unknown}
 j - a scroll of random uselessness
 l - 2 scrolls of identify
 m - a scroll of blinking {unknown}
 o - a scroll of amnesia
 t - a scroll of teleportation {unknown}
Potions
 f - a potion of berserk rage
 k - a potion of magic
 p - a potion of haste {unknown}
 u - a potion of lignification
Comestibles
 d - 3 rations


   Skills:
 + Level 3.9 Fighting
 + Level 5.2 Polearms
 + Level 2.4 Armour
 + Level 3.7 Dodging
 + Level 0.7 Stealth
 + Level 2.4 Spellcasting
 + Level 3.7 Charms
 + Level 0.1 Translocations


You had one spell level left.
You knew the following spells:

 Your Spells              Type           Power        Failure   Level  Hunger
a - Infusion              Chrm           ##..         7%          1    #......
b - Shroud of Golubria    Chrm/Tloc      #.....       22%         2    ###....
c - Song of Slaying       Chrm           ##......     11%         2    ###....
d - Spectral Weapon       Hex/Chrm       #.......     41%         3    ###....

Your spell library contained the following spells:

 Spells                   Type           Power        Failure   Level  Hunger
 Regeneration             Chrm/Necr      #.........   41%         3    ###....


Dungeon Overview and Level Annotations

Branches:
Dungeon (4/15)
 Temple: D:4-7

Altars:
Trog
Wu Jian
Xom

Annotations:
D:4 Blork the orc


Innate Abilities, Weirdness & Mutations

You revert to your normal form in water.
You are very nimble and swift while swimming.
You are very stealthy in the water. (Stealth+)
You are somewhat resistant to further mutation.


Message History

Blork the orc casts a spell at you. The puff of frost hits you. You resist.
The hound bites you. The centaur skeleton hits you.
* * * LOW HITPOINT WARNING * * *
Your shroud falls apart!
Blork the orc looks encouraged for a moment.
The hound bites you.
* * * LOW HITPOINT WARNING * * *
As you read the scroll labeled EPAZUPS XOCUTE, it crumbles to dust.
Your +0 spear of piercing glows bright scarlet for a moment.
It was a scroll of random uselessness.
The centaur skeleton hits you.
* * * LOW HITPOINT WARNING * * *
The hound bites you.
* * * LOW HITPOINT WARNING * * *
Blork the orc hits you but does no damage.
As you read the scroll labeled JOWINO OMARO, it crumbles to dust.
It is a scroll of identify.
o - a scroll of amnesia The centaur skeleton hits you.
You die...

####..#.##..####...
#........#......
#..<...#...#
#......#..#####
#.............#
##.####%.####..# #..#
#...## .#
.##.####h...##.....
#........OZ@o#.........
#.>.......#####h.....#
............ .......
####^####.### .......
.. .# ....... .. .#
....... ... .? .......
.......


You could see Blork the orc, an ogre, a hound and a centaur skeleton.

Vanquished Creatures
  A howler monkey (D:4)
  A bullfrog skeleton (D:4)
  Terence (D:2)
  A worker ant (D:2)
  Natasha (D:3)
  6 adders
  3 gnolls (D:2)
  A shadow imp (D:2)
  An ooze (D:1)
  4 worms
  A dart slug (D:2)
  2 leopard geckos (D:2)
  2 orcs (D:3)
  10 bats
  4 giant cockroaches
  13 goblins
  10 hobgoblins
  3 quokkas
  4 frilled lizards
  6 kobolds
  6 rats
81 creatures vanquished.

Vanquished Creatures (others)
  A spectral weapon (D:4)
1 creature vanquished.

Grand Total: 82 creatures vanquished

Notes
Turn   | Place    | Note
-------+----------+-------------------------------------------
     0 | D:1      | dembora the Merfolk Skald began the quest for the Orb.
     0 | D:1      | Reached XP level 1. HP: 16/16 MP: 3/3
   792 | D:1      | Reached XP level 2. HP: 21/22 MP: 5/5
   816 | D:1      | Learned a level 2 spell: Shroud of Golubria
  1436 | D:1      | Reached XP level 3. HP: 28/28 MP: 6/6
  1970 | D:1      | Reached skill level 1 in Armour
  2281 | D:2      | Reached XP level 4. HP: 17/34 MP: 1/7
  2762 | D:2      | Noticed Terence
  2790 | D:2      | Killed Terence
  2790 | D:2      | Reached skill level 4 in Polearms
  3199 | D:2      | Found a shimmering altar of Xom.
  3326 | D:2      | Reached XP level 5. HP: 40/40 MP: 8/8
  4375 | D:3      | Learned a level 2 spell: Song of Slaying
  4379 | D:3      | Learned a level 3 spell: Spectral Weapon
  4450 | D:3      | Found a bloodstained altar of Trog.
  4792 | D:3      | Reached skill level 5 in Polearms
  5141 | D:3      | HP: 4/91 [poisoned by an adder]
  5144 | D:3      | Gained mutation: You are somewhat resistant to further
                  | mutation. [potion of mutation]
  5146 | D:3      | HP: 2/61 [poisoned by an adder]
  5420 | D:3      | Reached XP level 6. HP: 45/47 MP: 9/9
  5426 | D:3      | Found an ornate altar of the Wu Jian Council.
  5569 | D:3      | Noticed Natasha
  5595 | D:3      | Killed Natasha
  5956 | D:4      | Noticed Blork the orc
  6123 | D:4      | HP: 2/48 [hound (3)]
  6124 | D:4      | Slain by a centaur skeleton

Levels and vault maps discovered:
D:1:      dpeg_arrival_morbid_curiosity, layout_basic
D:2:      layout_loops_corners, brannock_xom_greatest_gift, uniq_terence
D:3:      layout_loops_corners, lemuel_round_altar, marbit_many_paths,
          first_ration, uniq_natasha
D:4:      layout_rooms, nicolae_overflow_hidden_temple, serial_shops, shop,
          lemuel_tele_altar, uniq_blork_the_orc

Skill      XL: |  1  2  3  4  5 |
---------------+----------------+-----
Armour         | 1 2 |  2.4
Dodging        | 3 |  3.7
Polearms       | 4 5 |  5.2
Fighting       | 3 |  3.9
Stealth        | |  0.7
Spellcasting   | |  2.4
Charms         | |  3.7
Translocations | |  0.1

Action                   |  1- 3 |  4- 6 || total
-------------------------+-------+-------++-------
Melee: Spear             |   172 |   251 ||   423
 Cast: Infusion          |     1 |     6 ||     7
       Shroud of Golubri |     1 |     4 ||     5
       Spectral Weapon   |       |     2 ||     2
  Use: Potion            |     1 |     9 ||    10
       Scroll            |       |     2 ||     2
 Stab: Sleeping          |       |     1 ||     1
  Eat: Chunk             |     1 |     3 ||     4
       Ration            |     1 |     3 ||     4
Armor: Leather armour    |    42 |    41 ||    83
       Skin              |       |     2 ||     2
Dodge: Dodged            |   122 |   145 ||   267
